 Dungeon Crawl Stone Soup version 0.28.0-45-g0d030f2227 (webtiles) character file.

Game seed: 10856347906330193348

112 zeratav the Caller (level 4, -3/24 HPs)
             Began as a Tengu Summoner on Apr 13, 2022.
             Slain by a black bear (5 damage)
             ... on level 3 of the Dungeon.
             The game lasted 00:07:00 (2473 turns).

zeratav the Caller (Tengu Summoner)                 Turns: 2473, Time: 00:07:01

Health: -3/24      AC:  3    Str:  8    XL:     4   Next: 93%
Magic:  7/9        EV: 12    Int: 18    God:
Gold:   85         SH:  0    Dex: 14    Spells: 5/9 levels left

rFire   . . .      SeeInvis .   q - +2 rapier (speed) {short}
rCold   + . .      Faith    .   (no shield)
rNeg    . . .      Spirit   .   a - +0 robe
rPois   .          Reflect  .   (helmet restricted)
rElec   .          Harm     .   e - +0 cloak
rCorr   +          Rampage  .   (no gloves)
Will    .....                   (boots unavailable)
Stlth   ++........              (no amulet)
HPRegen 0.08/turn               k - ring of protection from cold
MPRegen 0.11/turn               p - ring of resist corrosion

@: lethally poisoned (-3 -> -6)
A: beak, talons 3
a: no special abilities


You were on level 3 of the Dungeon.
You visited 1 branch of the dungeon, and saw 3 of its levels.

You collected 85 gold pieces.


Innate Abilities, Weirdness & Mutations

You have a beak for a mouth.
You have claws for feet.


   Skills:
 - Level 2.1 Dodging
 - Level 2.0 Stealth
 + Level 3.0 Spellcasting
 * Level 6.6 Summonings


You had 5 spell levels left.
You knew the following spells:

 Your Spells              Type           Power      Damage    Failure   Level
a - Summon Small Mammal   Summ           100%       N/A       1%          1
b - Call Canine Familiar  Summ           26%        N/A       3%          3

Your spell library contained the following spells:

 Spells                   Type           Power      Damage    Failure   Level
 Call Imp                 Summ           26%        N/A       1%          2
 Summon Guardian Golem    Hex/Summ       14%        N/A       12%         3
 Magic Dart               Conj           8%         1d3       16%         1
 Summon Lightning Spire   Summ/Air       14%        N/A       38%         4
 Mephitic Cloud           Conj/Pois/Air  2%         N/A       43%         3
 Summon Forest            Summ/Tloc      7%         N/A       75%         5
 Eringya's Noxious Bog    Tmut/Pois      1%         N/A       100%        6
 Summon Hydra             Summ           13%        N/A       100%        7

Inventory:

Hand Weapons
 o - a +3 hunting sling {sling}
   (You found it on level 2 of the Dungeon)
 q - a +2 rapier of speed (weapon) {short}
   (You found it on level 3 of the Dungeon)
Missiles
 n - 6 silver javelins {throwing}
Armour
 a - a +0 robe (worn)
 e - a +0 cloak (worn)
   (You found it on level 1 of the Dungeon)
Jewellery
 k - a ring of protection from cold (left hand)
   (You found it on level 1 of the Dungeon)
 p - a ring of resist corrosion (right hand)
   (You found it on level 2 of the Dungeon)
Scrolls
 b - a scroll of immolation {unknown}
 c - 2 scrolls of identify {unknown}
 f - a scroll of fog {unknown}
 h - a scroll of holy word {unknown}
 i - a scroll of teleportation {unknown}
 j - 2 scrolls of amnesia {unknown}
 m - a scroll of enchant weapon {unknown}
Potions
 d - a potion of curing {unknown}
 g - a potion of heal wounds {unknown}
 l - a potion of flight {unknown}

Dungeon Overview and Level Annotations

Branches:
Dungeon (3/15)

Altars:

####.......>.##
.######.†...#####
..............#
#######....##.....
##....##....####
#..#######..# #.##
#.†.. #.# .###
.######@# #
......h.#
......r## ....§.#
...... ######


You could see a black bear (berserk) and a rat.


Message History

Anything else - Cancel.
Gang up on whom?
Press: ? - help, Dir - move target, f - black bear
Aim: a black bear (asleep) Attack!
Your hound bites the black bear.
The black bear growls angrily.
Your hound bites the black bear.
The black bear barely misses your hound. x2
The black bear closely misses your hound.
Your hound closely misses the black bear.
The black bear bites your hound but does no damage.
The black bear claws your hound.
The black bear closely misses your hound.
Your hound bites the black bear.
Your hound barely misses the black bear.
The black bear bites your hound.
The black bear closely misses your hound. x2
Your hound bites the black bear.
The black bear bites your hound. The black bear claws your hound.
The black bear misses your hound.
Your hound closely misses the black bear.
An adder comes into view.
Your hound bites the black bear.
A rat comes into view.
The black bear bites your hound.
The black bear barely misses your hound.
The black bear claws your hound but does no damage.
Your hound bites the black bear.
The black bear bites your hound!
Your hound dies!
Your hound's corpse disappears in a puff of smoke!
The black bear growls angrily.
Casting: Call Canine Familiar (quite dangerous; 3% risk of failure)
Confirm with . or Enter, or press ? or * to list all spells.
The spell is quite dangerous to miscast (3% risk of failure)!
Continue anyway?
MP[-3]
You lost 3 mp, and now have 6/9 mp.
What are your orders? t - Shout!
Orders for allies: a - Attack new target. p - Attack previous target. r - Retreat! s - Stop attacking. g - Guard the area. f - Follow me.
Anything else - Cancel.
Gang up on whom?
Press: ? - help, Dir - move target, f/p - black bear
Aim: a black bear (black smoke, severely wounded) Attack!
Your hound bites the adder.
Your hound bites the black bear.
The black bear closely misses your hound.
The black bear barely misses your hound. x2
Your hound closely misses the black bear.
Your hound bites the black bear.
The adder bites you.
You are poisoned.
The adder poisons you!
The black bear goes berserk!
HP[-1]
You take 1 damage, and now have 23/24 hp.
You puncture the adder! Your peck misses the adder.
You feel sick.
Your hound bites the black bear but does no damage.
The black bear closely misses your hound.
The black bear barely misses your hound.
The black bear misses your hound. The adder bites you.
You are more poisoned.
The adder poisons you!
HP[-6]
You take 6 damage, and now have 17/24 hp.
MASSIVE DAMAGE!! (PAUSE)
You completely miss the adder. Your kick misses the adder. You peck the adder.
You feel sick.
Your hound bites the black bear.
The black bear barely misses your hound.
The black bear claws your hound.
The black bear barely misses your hound.
The adder bites you but does no damage.
HP[-2]
You take 2 damage, and now have 15/24 hp.
You closely miss the adder.
You feel sick.
Your hound completely misses the black bear.
The black bear closely misses your hound.
The black bear claws your hound.
The black bear barely misses your hound.
The adder closely misses you.
Your hound bites the black bear.
HP[-1]
You take 1 damage, and now have 14/24 hp.
You barely miss the adder.
You feel sick. The black bear bites your hound.
The black bear misses your hound. The black bear claws your hound.
Your hound dies!
Your hound's corpse disappears in a puff of smoke!
The rat barely misses you. The adder misses you.
HP[-1]
You take 1 damage, and now have 13/24 hp.
You hit the adder.
You kill the adder!
You feel sick. The rat barely misses you.
HP[-1]
You take 1 damage, and now have 12/24 hp.
You feel sick. The black bear bites you!
* * * LOW HITPOINT WARNING * * *
The black bear claws you.
* * * LOW HITPOINT WARNING * * *
The black bear claws you.
You die...

Skill      XL: |  1  2  3  4 |
---------------+-------------+-----
Summonings     | 5 6 |  6.6
Spellcasting   | 3 |  3.0
Dodging        | |  2.1
Stealth        | |  2.0

Action                   |  1- 3 |  4- 6 || total
-------------------------+-------+-------++-------
Melee: Unarmed           |     1 |       ||     1
       Short sword       |    20 |       ||    20
       Peck              |     2 |     1 ||     3
       Kick              |     2 |     1 ||     3
       Rapier            |       |     5 ||     5
       Mace              |       |     3 ||     3
 Cast: Summon Small Mamm |    34 |     3 ||    37
       Call Canine Famil |     2 |    10 ||    12
Armor: Robe              |    11 |     4 ||    15
Dodge: Dodged            |    36 |     8 ||    44

Levels and vault maps discovered:
D:1:      dpeg_arrival_snail, layout_rooms, serial_curves, eino_curves_03,
          eino_curves_02, eino_curves_03, chequers_jeans, bh_walls_and_bars
D:2:      layout_basic
D:3:      layout_rooms, mainiacjoe_overflow_alcove_4,
          mainiacjoe_overflow_large_starburst, serial_glass, glass_columns_a,
          glass_columns_a

Notes
Turn   | Place    | Note
-------+----------+-------------------------------------------
     0 | D:1      | zeratav the Tengu Summoner began the quest for the Orb.
     0 | D:1      | Reached XP level 1. HP: 10/10 MP: 4/4
     0 | D:1      | magus.rc [v1.9.6]
   174 | D:1      | Reached skill level 5 in Summonings
   258 | D:1      | Reached XP level 2. HP: 11/15 MP: 1/6
   509 | D:1      | You add the spells Summon Forest, Eringya's Noxious Bog and
                  | Summon Hydra to your library.
  1239 | D:2      | Reached XP level 3. HP: 17/19 MP: 5/7
  1243 | D:2      | Learned a level 3 spell: Call Canine Familiar
  1428 | D:2      | Reached skill level 6 in Summonings
  1428 | D:2      | Reached XP level 4. HP: 22/24 MP: 2/9
  1716 | D:2      | You pick up a book of Minor Magic and begin reading...
  1716 | D:2      | You add the spells Magic Dart and Mephitic Cloud to your
                  | library.
  2434 | D:3      | Reached skill level 3 in Spellcasting
  2453 | D:3      | Noticed a black bear
  2473 | D:3      | HP: 4/24 [black bear (7)]
  2473 | D:3      | Slain by a black bear

Vanquished Creatures
  2 adders
  A goblin (D:3)
  2 hobgoblins (D:1)
  2 frilled lizards
  3 kobolds
10 creatures vanquished.

Vanquished Creatures (collateral kills)
  An orc wizard (D:2)
  2 adders
  3 dart slugs
  4 orcs (D:2)
  A ball python (D:2)
  6 bats
  2 endoplasms
  2 goblins
  2 hobgoblins
  3 quokkas
  2 kobolds (D:2)
  3 rats (D:1)
31 creatures vanquished.

Grand Total: 41 creatures vanquished

Table legend:
 A = Non-vault XP
 B = Vault XP
 C = Vault XP percentage of total XP
 D = Non-vault monster count
 E = Vault monster count
 F = Vault count percentage of total count
                 A         B        C        D         E       F
            +---------+---------+-------+---------+---------+-------
      Total |     160 |       0 |   0.0 |      41 |       0 |   0.0
            +---------+---------+-------+---------+---------+-------
        D:1 |      28 |       0 |   0.0 |      16 |       0 |   0.0
        D:2 |      98 |       0 |   0.0 |      19 |       0 |   0.0
        D:3 |      34 |       0 |   0.0 |       6 |       0 |   0.0
            +---------+---------+-------+---------+---------+-------

Illustrated notes

Table legend:
 A = Kills in this place as a percentage of kills in entire the game.
 B = Kills by you in this place as a percentage of kills by you in the entire game.
 C = Kills by friends in this place as a percentage of kills by friends in the entire game.
 D = Other kills in this place as a percentage of other kills in the entire game.
 E = Experience gained in this place as a percentage of experience gained in the entire game.
 F = Experience gained in this place divided by the number of levels of this place that you have seen.
                   A       B       C       D       E      F
               +-------+-------+-------+-------+-------+----------------------
         Total | 100.0 | 100.0 | 100.0 |   N/A | 100.0 |  53.3
       Dungeon | 100.0 | 100.0 | 100.0 |   N/A | 100.0 |  53.3
               +-------+-------+-------+-------+-------+----------------------

Table legend: (Time is in decaauts)
 A = Elapsed time spent in this place.
 B = Non-inter-level travel time spent in this place.
 C = Inter-level travel time spent in this place.
 D = Time resting spent in this place.
 E = Time spent auto-exploring this place.
 F = Levels seen in this place.
 G = Mean time per level.
                   A        B        C        D        E       F      G
               +--------+--------+--------+--------+--------+-----+--------+
         Total |   2472 |   2394 |     78 |    197 |   1716 |   3 |  824.0 |
       Dungeon |   2472 |   2394 |     78 |    197 |   1716 |   3 |  824.0 |
               +--------+--------+--------+--------+--------+-----+--------+

Top non-repeatable levels by time:
     D:2: 1109 daAuts
     D:1: 1086 daAuts
     D:3: 276 daAuts
